 Dungeon Crawl Stone Soup version 0.25.1-2-g60ff931df9 (webtiles) character file.

Game seed: 10125293350238644539

194 Kold the Insei (level 5, 0/33 HPs)
             Began as an Octopode Transmuter on Aug 14, 2020.
             Succumbed to an adder's poison
             ... on level 3 of the Dungeon.
             The game lasted 00:03:48 (2477 turns).

Kold the Insei (Octopode Transmuter)                Turns: 2477, Time: 00:03:48

Health: 0/33       AC:  1    Str: 10    XL:     5   Next: 73%
Magic:  8/8        EV: 13    Int: 16    God:
Gold:   113        SH:  0    Dex: 12    Spells: 2/8 levels left

rFire    + . .     SeeInvis .     - Unarmed
rCold    + + .     Gourm    .   (no shield)
rNeg     . . .     Faith    .   (helmet restricted)
rPois    +         Spirit   .   (no amulet)
rElec    +         Reflect  .   b - ring of protection from cold
rCorr    +         Harm     .   (no ring)
MR       .....                  (no ring)
Stlth    ++........             (no ring)
HPRegen  0.11/turn              (no ring)
MPRegen  0.11/turn              (no ring)
                                (no ring)
                                (no ring)

@: lethally poisoned (0 -> -2), appendage (expiring), resistant, berserk
cooldown, stab, very slightly contaminated, slowed, invisible, very slow
A: almost no armour, stealthy swim, amphibious, 8 rings, constrict 8, tentacle
spike 3, camouflage 1, gelatinous body 1
a: End Transformation


You were on level 3 of the Dungeon.
You were not hungry.
One of your tentacles had a temporary spike.
You visited 1 branch of the dungeon, and saw 3 of its levels.

You collected 113 gold pieces.

Inventory:

Missiles
 a - 98 arrows
Jewellery
 b - a ring of protection from cold (left tentacle)
Scrolls
 j - 2 scrolls of identify {unknown}
 k - a scroll of magic mapping {unknown}
 l - a scroll of remove curse {unknown}
Potions
 d - a potion of brilliance {unknown}
Comestibles
 c - 4 rations
 f - a chunk of flesh


   Skills:
 - Level 1.0 Fighting
 - Level 2.0 Dodging
 + Level 4.5 Unarmed Combat
 - Level 2.0 Spellcasting
 + Level 3.9 Transmutations
 * Level 2.6 Poison Magic


You had 2 spell levels left.
You knew the following spells:

 Your Spells              Type           Power        Failure   Level  Hunger
a - Beastly Appendage     Tmut           ##....       4%          1    #......
b - Sticks to Snakes      Tmut           ##......     6%          2    ###....
c - Spider Form           Tmut/Pois      ##........   16%         3    ###....

Your spell library contained the following spells:

 Spells                   Type           Power        Failure   Level  Hunger
 Ice Form                 Ice/Tmut       #.......     67%         4    #####..
 Blade Hands              Tmut           ##........   75%         5    ######.


Dungeon Overview and Level Annotations

Branches:
Dungeon (3/15)

Altars:
Sif Muna
Trog
Wu Jian


Innate Abilities, Weirdness & Mutations

You cannot wear most types of armour.
You are very stealthy in the water. (Stealth+)
You are amphibious.
You can wear up to eight rings at the same time.
You can use your tentacles to constrict eight enemies at once.
Your skin changes colour to match your surroundings (Stealth+).
Your rubbery body absorbs attacks. (AC +1, EV +1)
One of your tentacles bears a large vicious spike.


Message History

It was a potion of stabbing.
You feel ready to backstab.
Your transformation is almost over.
You constrict Jessica. Jessica barely misses you.
It was a potion of berserk rage.
A red film seems to cover your vision as you go berserk!
You feel yourself moving faster!
You feel mighty!
You constrict Jessica. Jessica barely misses you.
The helpless Jessica fails to defend herself.
You bludgeon Jessica!
You kill Jessica!
* * * LOW HITPOINT WARNING * * *
You feel sick.
You are too berserk!
You feel a strong urge to attack something.
You feel your anger nearly subside.
You are no longer berserk.
You are exhausted.
You feel yourself slow down.
It was a potion of resistance.
You feel protected.
You die...

# ######.. .. #....
.### #.# #...
....(.#.#
#..###.###.#.###
#####..#[....#.#...
#......#.....#.#..#
#..)@....._.......#
#...##.#)....#....###
+... #.#.....#.......
#... #.###.###..#####
#... #...........#
#... #####.......#
#(.. .........#.#
##.. .......#.##+#
##...#.#.. #


There were no monsters in sight!

Vanquished Creatures
  An orc priest (D:3)
  An orc wizard (D:3)
  Jessica (D:3)
  4 gnolls (D:2)
  3 adders
  A dart slug (D:3)
  4 leopard geckos
  3 orcs (D:3)
  2 giant cockroaches
  7 goblins
  2 hobgoblins (D:1)
  6 kobolds
  A bat (D:2)
  5 frilled lizards
  2 rats
43 creatures vanquished.

Notes
Turn   | Place    | Note
-------+----------+-------------------------------------------
     0 | D:1      | Kold the Octopode Transmuter began the quest for the Orb.
     0 | D:1      | Reached XP level 1. HP: 13/13 MP: 3/3
   411 | D:1      | Reached XP level 2. HP: 11/18 MP: 3/5
  1215 | D:2      | Reached XP level 3. HP: 21/23 MP: 4/6
  1297 | D:2      | Found a shimmering blue altar of Sif Muna.
  1582 | D:2      | Reached skill level 4 in Unarmed Combat
  1582 | D:2      | Reached XP level 4. HP: 13/28 MP: 7/7
  1593 | D:2      | HP: 1/28 [gnoll/+0 spear (3)]
  1883 | D:2      | Learned a level 2 spell: Sticks to Snakes
  1887 | D:2      | Learned a level 3 spell: Spider Form
  2247 | D:3      | HP: 1/28 [orc wizard/magic dart (10)]
  2250 | D:3      | Reached skill level 1 in Poison Magic
  2250 | D:3      | Reached XP level 5. HP: 26/33 MP: 8/8
  2402 | D:3      | Found an ornate altar of the Wu Jian Council.
  2437 | D:3      | Found a bloodstained altar of Trog.
  2447 | D:3      | Noticed Jessica
  2469 | D:3      | HP: 1/33 [Jessica/+0 club (3)]
  2472 | D:3      | Killed Jessica
  2477 | D:3      | Succumbed to an adder's poison

Illustrated notes

Levels and vault maps discovered:
D:1:      matt_arrival_grand_opening, layout_basic
D:2:      layout_rooms, led_sif_pool, first_ration, serial_bayou_ford_a,
          bh_walls_and_bars
D:3:      layout_basic, nicolae_overflow_crystal_walls, lemuel_doored_altar,
          uniq_jessica

Skill      XL: |  1  2  3  4  5 |
---------------+----------------+-----
Transmutations | 3 |  3.9
Unarmed Combat | 4 |  4.5
Poison Magic   | 1 2 |  2.6
Fighting       | |  1.0
Dodging        | |  2.0
Spellcasting   | |  2.0

Action                   |  1- 3 |  4- 6 || total
-------------------------+-------+-------++-------
Melee: Unarmed           |    61 |    46 ||   107
       Constrict         |    16 |    11 ||    27
       Kick              |    10 |    13 ||    23
       Tentacles         |     5 |     7 ||    12
       Punch             |     3 |     2 ||     5
 Cast: Beastly Appendage |    10 |     9 ||    19
  Use: Potion            |       |     7 ||     7
 Stab: Sleeping          |     2 |     4 ||     6
  Eat: Chunk             |     2 |     3 ||     5
Armor: Skin              |     1 |     2 ||     3
Dodge: Dodged            |    33 |    12 ||    45
